 Dungeon Crawl Stone Soup version 0.25-a0-1119-g28b6fd0c3b (webtiles) character file.

Game seed: 5146385031181876526, levelgen mode: deterministic

224 MisterFreud the Skirmisher (level 6, 0/43 HPs)
             Began as an Octopode Gladiator on May 18, 2020.
             Slain by a bullfrog skeleton (1 damage)
             ... on level 4 of the Dungeon.
             The game lasted 00:03:46 (2324 turns).

MisterFreud the Skirmisher (Octopode Gladiator)     Turns: 2324, Time: 00:03:47

Health: 0/43       AC:  1    Str: 13    XL:     6   Next: 0%
Magic:  6/6        EV: 14    Int: 12    God:
Gold:   58         SH:  5    Dex: 14    Spells: 5/5 levels left

rFire    . . .     SeeInvis .   a - +0 long sword
rCold    . . .     Gourm    .   e - +0 buckler
rNeg     . . .     Faith    .   b - +0 hat
rPois    .         Spirit   .   (no amulet)
rElec    .         Reflect  .   (no ring)
rCorr    .         Harm     .   (no ring)
MR       .....                  (no ring)
Stlth    ++........             (no ring)
HPRegen  0.14/turn              (no ring)
MPRegen  0.10/turn              (no ring)
                                (no ring)
                                (no ring)

@: no status effects
A: almost no armour, stealthy swim, amphibious, 8 rings, constrict 8, camouflage
1, gelatinous body 1
a: no special abilities


You were on level 4 of the Dungeon.
You were not hungry.

You visited 1 branch of the dungeon, and saw 4 of its levels.

You collected 58 gold pieces.

Inventory:

Hand Weapons
 a - a +0 long sword (weapon)
Missiles
 c - 3 throwing nets (quivered)
Armour
 b - a +0 hat (worn)
 e - a +0 buckler (worn)
Scrolls
 g - 2 scrolls of teleportation
Potions
 f - a potion of curing
 i - a potion of invisibility
 j - a potion of brilliance {unknown}
Comestibles
 d - 4 rations
 h - 3 chunks of flesh


   Skills:
 - Level 4.0 Fighting
 + Level 3.4 Long Blades
 - Level 2.0 Throwing
 - Level 3.0 Dodging
 - Level 4.0 Shields


You had 5 spell levels left.
You didn't know any spells.
Your spell library was empty.

Dungeon Overview and Level Annotations

Branches:
Dungeon (4/15)
 Temple: D:4-7

Altars:
Uskayaw

Annotations:
D:3 Natasha


Innate Abilities, Weirdness & Mutations

You cannot wear most types of armour.
You are very stealthy in the water. (Stealth+)
You are amphibious.
You can wear up to eight rings at the same time.
You can use your tentacles to constrict eight enemies at once.
Your skin changes colour to match your surroundings (Stealth+).
Your rubbery body absorbs attacks. (AC +1, EV +1)


Message History

You climb downwards.
A bullfrog skeleton comes into view.
Found a ring mail and a potion of invisibility.
Found a stone staircase leading up.
There is a stone staircase leading up here.
You open the door.
Found 2 potions of curing.
Found a hide-covered altar of Uskayaw.
The bullfrog skeleton hits you.
* * * LOW HITPOINT WARNING * * *
There is an open door, spattered with blood here.
You hit the bullfrog skeleton. You grab the bullfrog skeleton.
The bullfrog skeleton is lightly damaged.
You constrict the bullfrog skeleton. The bullfrog skeleton hits you.
* * * LOW HITPOINT WARNING * * *
You slash the bullfrog skeleton!
The bullfrog skeleton is heavily damaged.
You constrict the bullfrog skeleton. The bullfrog skeleton hits you.
* * * LOW HITPOINT WARNING * * *
The bullfrog skeleton hits you.
You die...

####### #!....#
#.....# .#
#.._..#####.###
#.....#.<........
#..@..#.......!..
###Z###..........
#..............
##.............
#.............
#.............
##....<.......
##...[.......
######..####


You could see a bullfrog skeleton.

Vanquished Creatures
  An orc priest (D:3)
  Natasha (twice) (D:3)
  3 orc wizards (D:3)
  An adder (D:2)
  4 worms (D:2)
  7 orcs (D:3)
  A ball python (D:1)
  4 goblins
  5 hobgoblins
  5 jackals (D:2)
  3 kobolds
  2 bats (D:2)
  4 frilled lizards
  4 rats
46 creatures vanquished.

Notes
Turn   | Place    | Note
-------+----------+-------------------------------------------
     0 | D:1      | MisterFreud the Octopode Gladiator began the quest for the
                  | Orb.
     0 | D:1      | Reached XP level 1. HP: 14/14 MP: 1/1
   386 | D:1      | Reached XP level 2. HP: 20/20 MP: 2/2
   462 | D:1      | Reached skill level 1 in Shields
   756 | D:2      | Reached XP level 3. HP: 13/25 MP: 3/3
  1554 | D:3      | Reached XP level 4. HP: 31/31 MP: 4/4
  1667 | D:3      | Noticed Natasha
  1672 | D:3      | Killed Natasha
  2025 | D:3      | Reached XP level 5. HP: 37/37 MP: 5/5
  2167 | D:3      | Noticed Natasha
  2171 | D:3      | Killed Natasha
  2198 | D:3      | Reached XP level 6. HP: 38/43 MP: 6/6
  2246 | D:3      | Noticed an ice beast
  2303 | D:3      | Noticed Natasha
  2320 | D:4      | Found a hide-covered altar of Uskayaw.
  2324 | D:4      | HP: 1/43 [bullfrog skeleton (5)]
  2324 | D:4      | Slain by a bullfrog skeleton

Illustrated notes

Levels and vault maps discovered:
D:1:      dpeg_arrival_windows_large_door, layout_rooms
D:2:      layout_loops_ring, first_ration
D:3:      layout_basic, lemuel_crystal_altar, bloody_trog,
          hangedman_decor_lopped, saegor_snake_ambush, uniq_natasha
D:4:      layout_rooms, kennysheep_little_box, gammafunk_temple_overflow_claw,
          serial_shops, shop_fountains

Skill      XL: |  1  2  3  4  5 |
---------------+----------------+-----
Shields        | 1 2 4 |  4.0
Fighting       | 3 4 |  4.0
Long Blades    | |  3.4
Throwing       | |  2.0
Dodging        | |  3.0

Action                   |  1- 3 |  4- 6 || total
-------------------------+-------+-------++-------
Melee: Long sword        |    61 |    31 ||    92
       Constrict         |    16 |    11 ||    27
       Tentacles         |     7 |     7 ||    14
  Use: Scroll            |     6 |       ||     6
 Stab: Sleeping          |     5 |     2 ||     7
  Eat: Chunk             |     2 |     2 ||     4
Armor: Skin              |     3 |       ||     3
Dodge: Dodged            |    34 |    14 ||    48
Block: Buckler           |     9 |     3 ||    12
       Rpst.: Long sword |     9 |     3 ||    12

Table legend:
 A = Non-vault XP
 B = Vault XP
 C = Vault XP percentage of total XP
 D = Non-vault monster count
 E = Vault monster count
 F = Vault count percentage of total count
                 A         B        C        D         E       F
            +---------+---------+-------+---------+---------+-------
      Total |     286 |      35 |  10.9 |      45 |       1 |   2.2
            +---------+---------+-------+---------+---------+-------
        D:1 |      17 |       0 |   0.0 |      10 |       0 |   0.0
        D:2 |      61 |       0 |   0.0 |      22 |       0 |   0.0
        D:3 |     208 |      35 |  14.4 |      13 |       1 |   7.1
            +---------+---------+-------+---------+---------+-------
